Workbook

Sheet Instrucciones
B2: Contabilidad para pequeña empresa
B3: Plantilla gratuita de PlantillasDeCalculo.com — descárgala, ábrela en Excel, Google Sheets o LibreOffice y personalízala.
B5: CÓMO USARLA
B6: 1. Apunta cada operación en «Movimientos»: fecha, concepto, categoría, si es ingreso o gasto, la base y el % de IVA.
B7: 2. La cuota de IVA y el total se calculan solos.
B8: 3. «Resumen» te da ingresos, gastos, beneficio y el IVA a liquidar (repercutido − soportado).
B9: 4. Tienes también el desglose de ingresos y gastos por mes con su gráfico.
B10: 5. Es una contabilidad de gestión sencilla, no sustituye a tu gestoría ni a la contabilidad oficial.
B12: TEN EN CUENTA
B13: Esta plantilla te ayuda a llevar el control del día a día. La contabilidad oficial y los impuestos deben revisarlos un asesor fiscal o gestor.

Sheet Listas
A1: Tipo
A2: Ingreso
A3: Gasto

Sheet Resumen
B2: RESUMEN CONTABLE
E3: Por mes
B4: Ingresos (base) | C4: =SUMIF(Movimientos!$E$5:$E$504,"Ingreso",Movimientos!$F$5:$F$504) | E4: Mes | F4: Ingresos | G4: Gastos
B5: Gastos (base) | C5: =SUMIF(Movimientos!$E$5:$E$504,"Gasto",Movimientos!$F$5:$F$504) | E5: Ene | F5: =SUMIFS(Movimientos!$F$5:$F$504,Movimientos!$J$5:$J$504,1,Movimientos!$E$5:$E$504,"Ingreso") | G5: =SUMIFS(Movimientos!$F$5:$F$504,Movimientos!$J$5:$J$504,1,Movimientos!$E$5:$E$504,"Gasto")
B6: Resultado (beneficio) | C6: =C4-C5 | E6: Feb | F6: =SUMIFS(Movimientos!$F$5:$F$504,Movimientos!$J$5:$J$504,2,Movimientos!$E$5:$E$504,"Ingreso") | G6: =SUMIFS(Movimientos!$F$5:$F$504,Movimientos!$J$5:$J$504,2,Movimientos!$E$5:$E$504,"Gasto")
B7: IVA repercutido (ventas) | C7: =SUMIF(Movimientos!$E$5:$E$504,"Ingreso",Movimientos!$H$5:$H$504) | E7: Mar | F7: =SUMIFS(Movimientos!$F$5:$F$504,Movimientos!$J$5:$J$504,3,Movimientos!$E$5:$E$504,"Ingreso") | G7: =SUMIFS(Movimientos!$F$5:$F$504,Movimientos!$J$5:$J$504,3,Movimientos!$E$5:$E$504,"Gasto")
B8: IVA soportado (compras) | C8: =SUMIF(Movimientos!$E$5:$E$504,"Gasto",Movimientos!$H$5:$H$504) | E8: Abr | F8: =SUMIFS(Movimientos!$F$5:$F$504,Movimientos!$J$5:$J$504,4,Movimientos!$E$5:$E$504,"Ingreso") | G8: =SUMIFS(Movimientos!$F$5:$F$504,Movimientos!$J$5:$J$504,4,Movimientos!$E$5:$E$504,"Gasto")
B9: IVA a liquidar | C9: =C7-C8 | E9: May | F9: =SUMIFS(Movimientos!$F$5:$F$504,Movimientos!$J$5:$J$504,5,Movimientos!$E$5:$E$504,"Ingreso") | G9: =SUMIFS(Movimientos!$F$5:$F$504,Movimientos!$J$5:$J$504,5,Movimientos!$E$5:$E$504,"Gasto")
E10: Jun | F10: =SUMIFS(Movimientos!$F$5:$F$504,Movimientos!$J$5:$J$504,6,Movimientos!$E$5:$E$504,"Ingreso") | G10: =SUMIFS(Movimientos!$F$5:$F$504,Movimientos!$J$5:$J$504,6,Movimientos!$E$5:$E$504,"Gasto")
E11: Jul | F11: =SUMIFS(Movimientos!$F$5:$F$504,Movimientos!$J$5:$J$504,7,Movimientos!$E$5:$E$504,"Ingreso") | G11: =SUMIFS(Movimientos!$F$5:$F$504,Movimientos!$J$5:$J$504,7,Movimientos!$E$5:$E$504,"Gasto")
E12: Ago | F12: =SUMIFS(Movimientos!$F$5:$F$504,Movimientos!$J$5:$J$504,8,Movimientos!$E$5:$E$504,"Ingreso") | G12: =SUMIFS(Movimientos!$F$5:$F$504,Movimientos!$J$5:$J$504,8,Movimientos!$E$5:$E$504,"Gasto")
E13: Sep | F13: =SUMIFS(Movimientos!$F$5:$F$504,Movimientos!$J$5:$J$504,9,Movimientos!$E$5:$E$504,"Ingreso") | G13: =SUMIFS(Movimientos!$F$5:$F$504,Movimientos!$J$5:$J$504,9,Movimientos!$E$5:$E$504,"Gasto")
E14: Oct | F14: =SUMIFS(Movimientos!$F$5:$F$504,Movimientos!$J$5:$J$504,10,Movimientos!$E$5:$E$504,"Ingreso") | G14: =SUMIFS(Movimientos!$F$5:$F$504,Movimientos!$J$5:$J$504,10,Movimientos!$E$5:$E$504,"Gasto")
E15: Nov | F15: =SUMIFS(Movimientos!$F$5:$F$504,Movimientos!$J$5:$J$504,11,Movimientos!$E$5:$E$504,"Ingreso") | G15: =SUMIFS(Movimientos!$F$5:$F$504,Movimientos!$J$5:$J$504,11,Movimientos!$E$5:$E$504,"Gasto")
E16: Dic | F16: =SUMIFS(Movimientos!$F$5:$F$504,Movimientos!$J$5:$J$504,12,Movimientos!$E$5:$E$504,"Ingreso") | G16: =SUMIFS(Movimientos!$F$5:$F$504,Movimientos!$J$5:$J$504,12,Movimientos!$E$5:$E$504,"Gasto")

Sheet Movimientos
B2: CONTABILIDAD — INGRESOS Y GASTOS
B4: Fecha | C4: Concepto | D4: Categoría | E4: Tipo | F4: Base (€) | G4: % IVA | H4: Cuota IVA (€) | I4: Total (€) | J4: Mes
B5: 46268 | C5: Venta a cliente X | D5: Ventas | E5: Ingreso | F5: 1000 | G5: 0.21 | H5: =IF(F5="","",F5*G5) | I5: =IF(F5="","",F5+H5) | J5: =IF(B5="","",MONTH(B5))
B6: 46270 | C6: Compra material | D6: Compras | E6: Gasto | F6: 300 | G6: 0.21 | H6: =IF(F6="","",F6*G6) | I6: =IF(F6="","",F6+H6) | J6: =IF(B6="","",MONTH(B6))
B7: 46273 | C7: Alquiler local | D7: Alquiler | E7: Gasto | F7: 600 | G7: 0.21 | H7: =IF(F7="","",F7*G7) | I7: =IF(F7="","",F7+H7) | J7: =IF(B7="","",MONTH(B7))
H8: =IF(F8="","",F8*G8) | I8: =IF(F8="","",F8+H8) | J8: =IF(B8="","",MONTH(B8))
H9: =IF(F9="","",F9*G9) | I9: =IF(F9="","",F9+H9) | J9: =IF(B9="","",MONTH(B9))
H10: =IF(F10="","",F10*G10) | I10: =IF(F10="","",F10+H10) | J10: =IF(B10="","",MONTH(B10))
H11: =IF(F11="","",F11*G11) | I11: =IF(F11="","",F11+H11) | J11: =IF(B11="","",MONTH(B11))
H12: =IF(F12="","",F12*G12) | I12: =IF(F12="","",F12+H12) | J12: =IF(B12="","",MONTH(B12))
H13: =IF(F13="","",F13*G13) | I13: =IF(F13="","",F13+H13) | J13: =IF(B13="","",MONTH(B13))
H14: =IF(F14="","",F14*G14) | I14: =IF(F14="","",F14+H14) | J14: =IF(B14="","",MONTH(B14))
H15: =IF(F15="","",F15*G15) | I15: =IF(F15="","",F15+H15) | J15: =IF(B15="","",MONTH(B15))
H16: =IF(F16="","",F16*G16) | I16: =IF(F16="","",F16+H16) | J16: =IF(B16="","",MONTH(B16))
H17: =IF(F17="","",F17*G17) | I17: =IF(F17="","",F17+H17) | J17: =IF(B17="","",MONTH(B17))
H18: =IF(F18="","",F18*G18) | I18: =IF(F18="","",F18+H18) | J18: =IF(B18="","",MONTH(B18))
H19: =IF(F19="","",F19*G19) | I19: =IF(F19="","",F19+H19) | J19: =IF(B19="","",MONTH(B19))
... H504: =IF(F504="","",F504*G504) | I504: =IF(F504="","",F504+H504) | J504: =IF(B504="","",MONTH(B504))
